 Dungeon Crawl Stone Soup version 0.30-a0-374-g95c0257040 (webtiles) character file.

Game seed: 14416479491048271478

689 KennySheep the Shooter (level 7, 0/58 HPs)
             Began as a Demigod Hunter on Nov 25, 2022.
             Slain by Maggie
             ... wielding a +0 halberd
              (13 damage)
             ... on level 7 of the Dungeon.
             The game lasted 00:15:53 (6249 turns).

KennySheep the Shooter (Demigod Hunter)             Turns: 6249, Time: 00:15:53

Health: 0/58       AC:  3    Str: 18 (20) XL:     7   Next: 13%
Magic:  9/9        EV: 12    Int:  8 (11) God:
Gold:   127        SH:  0    Dex: 15 (17) Spells: 6/6 levels left

rFire   . . .      SeeInvis .    a - +0 shortbow
rCold   . . .      Faith    .    (shield currently unavailable)
rNeg    . . .      Spirit   .    c - +0 leather armour
rPois   +          Reflect  .    (no helmet)
rElec   .          Harm     .    A - scarf {shadows}
rCorr   .          Rampage  .    (no gloves)
Will    .....                    (no boots)
Stlth   +.........               (no amulet)
HPRegen 0.29/turn                C - ring of poison resistance
MPRegen 0.11/turn                (no ring)

@: studying Ranged Weapons
A: high MP 1, forlorn, divine attributes
a: no special abilities


You were on level 7 of the Dungeon.
You visited 1 branch of the dungeon, and saw 8 of its levels.
You also visited: Ossuary and Bailey.

You collected 298 gold pieces.
You spent 171 gold pieces at shops.

Inventory:

Hand Weapons
 a - a +0 shortbow (weapon)
 b - a +1 dagger of venom
Armour
 c - a +0 leather armour (worn)
 e - a +1 crystal plate armour
 A - a scarf of shadows (worn)
Jewellery
 C - a ring of poison resistance (left hand)
Wands
 l - a wand of iceblast (9)
Scrolls
 d - 4 scrolls of identify
 g - a scroll of enchant weapon
 m - a scroll of immolation
 n - 2 scrolls of amnesia
 o - 3 scrolls of teleportation
 p - a scroll of silence
 x - a scroll of enchant armour
 y - a scroll of blinking {unknown}
 B - a scroll of poison {unknown}
Potions
 f - 3 potions of haste
 h - a potion of curing
 i - a potion of degeneration
 j - a potion of resistance
 k - 2 potions of might
 q - 2 potions of invisibility
 r - a potion of ambrosia {unknown}
 s - a potion of mutation {unknown}
 t - a potion of heal wounds
 u - a potion of flight {unknown}
 v - a potion of lignification {unknown}
 w - a potion of brilliance
 z - a potion of cancellation {unknown}


   Skills:
 + Level 3.9 Fighting
 + Level 6.3 Ranged Weapons
 * Level 4.9 Armour
 - Level 1.8 Dodging
 - Level 0.9 Stealth


You had 6 spell levels left.
You didn't know any spells.
Your spell library contained the following spells:

 Spells                   Type           Power      Damage    Failure   Level
 Kiss of Death            Conj/Necr      0%         2d5       45%         1
 Call Canine Familiar     Summ           0%         N/A       83%         3
 Ignite Poison            Fire/Tmut/Pois 0%         N/A       83%         3
 Mephitic Cloud           Conj/Pois/Air  0%         N/A       83%         3
 Portal Projectile        Hex/Tloc       0%         N/A       83%         3
 Tukima's Dance           Hex            0%         N/A       83%         3
 Leda's Liquefaction      Hex/Erth       0%         N/A       99%         4
 Petrify                  Tmut/Erth      0%         N/A       99%         4
 Alistair's Intoxication  Tmut/Pois      0%         N/A       100%        5
 Blade Hands              Tmut           0%         N/A       100%        5
 Fireball                 Conj/Fire      0%         3d3       100%        5
 Lightning Bolt           Conj/Air       0%         1d11      100%        5
 Dragon Form              Tmut           0%         N/A       100%        7


Dungeon Overview and Level Annotations

Branches:
Dungeon (8/15)            Ossuary (visited)          Bailey (visited)
 Temple: D:4-7         Lair: D:8-11

Shops:
D:3 **?:

Annotations:
D:5 exclusion: water moccasin
D:7 Maggie, Menkaure


Innate Abilities, Weirdness & Mutations

You have an increased reservoir of magic. (+10% MP)
You shall have no god before yourself.
Your divine heritage dramatically boosts your attributes as you level up.


Message History

Maggie attempts to bespell you! You resist with almost no effort.
You don't know any spells.
As you read the scroll of fear, it crumbles to dust.
You assume a fearsome visage.
Maggie looks frightened!
You shoot an arrow. The arrow barely misses Maggie.
You shoot an arrow. The arrow hits Maggie.
Your attack snaps Maggie out of her fear.
Maggie is lightly wounded.
You shoot an arrow. The arrow hits Maggie.
Maggie is lightly wounded.
Maggie casts a spell at you. The bolt of fire hits you!!
Ouch! That really hurt!
You shoot an arrow.
The arrow hits Maggie but does no damage.
Maggie is lightly wounded.
You shoot an arrow. The arrow hits Maggie.
Maggie is moderately wounded.
Maggie barely misses you. x2
You shoot an arrow. The arrow hits Maggie.
Maggie is moderately wounded.
Maggie mumbles some strange words.
Maggie attempts to bespell you! You resist with almost no effort.
You shoot an arrow. The arrow closely misses Maggie.
Maggie hits you from afar with a +0 halberd!
You shoot an arrow.
The arrow hits Maggie but does no damage.
Maggie is moderately wounded.
Maggie closely misses you.
You shoot an arrow. The arrow barely misses Maggie.
Maggie hits you from afar with a +0 halberd.
* * * LOW HITPOINT WARNING * * *
You shoot an arrow. The arrow hits Maggie.
Maggie is moderately wounded.
Maggie closely misses you.
Maggie gestures wildly while chanting.
Maggie attempts to bespell you!
You easily resist.
You shoot an arrow. The arrow closely misses Maggie.
Maggie hits you from afar with a +0 halberd!
You die...

.. #.# #.##
...#
#######..#
#........####.
....@.@.......
#.#####.####.#
#.# #.# # #.#
#.# .#
#.####.#..#
#....>....#
#...###...##
....#.# #.###
####...# #.#


You could see Maggie.

Vanquished Creatures
  A water moccasin (D:8)
  A black bear (D:5)
  A phantom (D:4)
  A necrophage (D:4)
  A scorpion (D:5)
  A hound (D:4)
  An iguana (D:5)
  An orc wizard (D:3)
  A mummy (Ossuary)
  6 adders
  4 gnolls
  2 ufetubi (D:5)
  4 worms
  A dart slug (D:1)
  6 orcs
  8 endoplasms
  2 giant cockroaches
  12 goblins
  5 hobgoblins
  7 ball pythons
  6 bats
  3 frilled lizards (D:1)
  6 kobolds
  4 kobold skeletons (Ossuary)
  11 orc skeletons (Ossuary)
  5 rats
101 creatures vanquished.

Vanquished Creatures (others)
  17 plants
17 creatures vanquished.

Grand Total: 118 creatures vanquished

Notes
Turn   | Place    | Note
-------+----------+-------------------------------------------
     0 | D:1      | KennySheep the Demigod Hunter began the quest for the Orb.
     0 | D:1      | Reached XP level 1. HP: 17/17 MP: 3/3
   499 | D:1      | Reached skill level 1 in Armour
   501 | D:1      | Reached XP level 2. HP: 24/24 MP: 4/4
   866 | D:1      | Reached XP level 3. HP: 29/29 MP: 5/5
  1005 | D:2      | Got the Compendium of Inconstant Damage Dealing
  1603 | D:2      | Reached skill level 4 in Ranged Weapons
  1955 | D:3      | Found Duve's Assorted Antiques.
  1960 | D:3      | Bought a scroll labelled AJYONI FOED for 29 gold pieces
  1960 | D:3      | Bought a scroll labelled GARIRU USIN for 29 gold pieces
  1960 | D:3      | Bought a scroll labelled AJYONI FOED for 29 gold pieces
  1960 | D:3      | Bought a scroll labelled GARIRU USIN for 29 gold pieces
  1960 | D:3      | Bought a scroll labelled GARIRU USIN for 29 gold pieces
  1996 | D:3      | Reached XP level 4. HP: 37/37 MP: 6/6
  2014 | D:3      | Found Pilutall's Magic Scroll Boutique.
  2019 | D:3      | Found Onuahij's Book Shop.
  2564 | D:3      | Found Gaunue's Assorted Antiques.
  2576 | D:3      | Bought a scroll labelled ZUIMOB CISEUM for 26 gold pieces
  2716 | D:4      | Identified a scroll of acquirement
  2716 | D:4      | Acquired a manual of Ranged Weapons
  2735 | D:4      | Found a sand-covered staircase.
  2744 | Ossuary  | Entered an ossuary
  2744 | Ossuary  | Noticed a wraith
  2744 | Ossuary  | Noticed a wraith
  2744 | Ossuary  | Noticed a wraith
  2834 | Ossuary  | Noticed a wraith
  3015 | D:4      | Reached XP level 5. HP: 42/44 MP: 7/7
  3539 | D:4      | Reached skill level 5 in Ranged Weapons
  3675 | D:4      | Got the Almanac of Idealism
  4197 | D:4      | Reached XP level 6. HP: 32/51 MP: 8/8
  4600 | D:5      | Entered Level 5 of the Dungeon
  5003 | D:5      | Reached skill level 6 in Ranged Weapons
  5082 | D:5      | Noticed a water moccasin
  5647 | D:6      | You fall into a shaft and drop 2 floors!
  5649 | D:8      | Noticed a water moccasin
  5684 | D:8      | Killed a water moccasin
  5685 | D:8      | Reached XP level 7. HP: 16/58 MP: 9/9
  5690 | D:8      | Found a flagged portal.
  5842 | Bailey   | Entered a bailey
  6138 | D:8      | Noticed a cyclops
  6228 | D:7      | Noticed Menkaure
  6236 | D:7      | Noticed Maggie
  6249 | D:7      | Slain by Maggie

Illustrated notes

Levels and vault maps discovered:
D:1:      scummos_arrival_gate, layout_loops_ring, nicolae_grassy_gnolls
D:2:      minmay_wonky_spiral, layout_loops_corners, basic_altar,
          dreamdust_ecumenical_altar_statues
D:3:      layout_loops_ring, grunt_temple_overflow_open, serial_shops, shop,
          nicolae_lakefront_shop, nicolae_shop_advertising_works
          [nicolae_subvault_shop_adworks], shop, minmay_quadrilaterals
D:4:      layout_basic, lightli_ossuary_entry_decrepit_ruins, nrook_mini_vaults,
          minmay_misc_feat_nine_boxes
D:5:      layout_rooms, fedhas_altar_decomposition
D:6:      layout_basic, mainiacjoe_overflow_alcove_1, lemuel_tele_altar,
          minmay_temple_entry_glass, gammafunk_ghost_split,
          minmay_joined_circles
D:7:      layout_loops_ring, nicolae_overflow_hidden_temple,
          nrook_loot_triangle, uniq_maggie, uniq_menkaure,
          uniq_crazy_yiuf_cottage
D:8:      minmay_klotski, layout_loops_ring, kennysheep_slug_shrine,
          erik_lair_orcish_takeover, enter_bailey_3, minmay_microvault

Skill      XL: |  1  2  3  4  5  6 |
---------------+-------------------+-----
Fighting       | 2 3 |  3.9
Armour         | 1 2 3 4 |  4.9
Ranged Weapons | 4 5 6 |  6.3
Dodging        | |  1.8
Stealth        | |  0.9

Action                   |  1- 3 |  4- 6 |  7- 9 || total
-------------------------+-------+-------+-------++-------
 Fire: Shortbow          |   139 |   252 |    17 ||   408
  Use: Scroll            |     4 |     5 |     3 ||    12
       Potion            |       |     8 |     6 ||    14
Armor: Crystal plate arm |     6 |    11 |     3 ||    20
       Leather armour    |    10 |    42 |       ||    52
Dodge: Dodged            |    33 |   109 |     8 ||   150

Table legend: (Time is in decaauts)
 A = Elapsed time spent in this place.
 B = Non-inter-level travel time spent in this place.
 C = Inter-level travel time spent in this place.
 D = Time resting spent in this place.
 E = Time spent auto-exploring this place.
 F = Levels seen in this place.
 G = Mean time per level.
                   A        B        C        D        E       F      G
               +--------+--------+--------+--------+--------+-----+--------+
         Total |   6369 |   6165 |    204 |   1139 |   3680 |  10 |  636.9 |
       Dungeon |   6051 |   5847 |    204 |   1068 |   3654 |   8 |  756.4 |
       Ossuary |    226 |    226 |      0 |     44 |     26 |   1 |  226.0 |
        Bailey |     91 |     91 |      0 |     27 |      0 |   1 |   91.0 |
               +--------+--------+--------+--------+--------+-----+--------+

Top non-repeatable levels by time:
     D:4: 1701 daAuts
     D:2: 1073 daAuts
     D:5: 1029 daAuts
     D:1: 903 daAuts
     D:3: 794 daAuts
     D:8: 420 daAuts
 Ossuary: 226 daAuts
  Bailey: 91 daAuts
     D:7: 84 daAuts
     D:6: 43 daAuts
